 Dungeon Crawl Stone Soup version 0.20.1-1-g8b1a95d (webtiles) character file.

182 Jannitor the Chopper (level 5, -3/73 HPs)
             Began as a Hill Orc Chaos Knight on Sept 23, 2017.
             Slain by an ogre
             ... wielding a +0 giant spiked club
              (10 damage)
             ... on level 4 of the Dungeon.
             The game lasted 00:05:15 (2510 turns).

Jannitor the Chopper (Hill Orc Chaos Knight)        Turns: 2510, Time: 00:05:16

Health: -3/73      AC: 22    Str: 15 (16) XL:     5   Next: 61%
Magic:  5/5        EV:  2    Int: 11 (12) God:    Xom [*.....]
Gold:   225        SH:  0    Dex:  7 (10) Spells: 4/4 levels left

rFire    . . .     SeeInvis .   q - +0 hand axe
rCold    . . .     Gourm    .   (no shield)
rNeg     + + +     Faith    .   (armour currently unavailable)
rPois    +         Spirit   .   (helmet currently unavailable)
rElec    .         Reflect  .   (cloak currently unavailable)
rCorr    +         Harm     .   (gloves currently unavailable)
MR       .....     NoTele   +   (boots currently unavailable)
Stlth    +.........             (no amulet)
Regen    0.3/turn               y - ring of resist corrosion
MPRegen  0.1/turn               (no ring)

@: tree-form
A: rugged brown scales 1
a: Renounce Religion


You were on level 4 of the Dungeon.
You worshipped Xom.
You were a special plaything of Xom.
You were very hungry.
You were a tree.
You visited 1 branch of the dungeon, and saw 4 of its levels.

You collected 225 gold pieces.

Inventory:

Hand Weapons
 a - a +0 hand axe of chaos
 q - a +0 hand axe (weapon)
Armour
 b - a +2 leather armour
 f - a +0 ring mail
 k - a +0 pair of gloves (melded)
 t - a +0 scale mail (melded)
Jewellery
 p - an uncursed ring of fire
 y - a ring of resist corrosion (left branch)
Scrolls
 g - a scroll of amnesia {unknown}
 j - 2 scrolls of random uselessness {unknown}
 l - a scroll of identify
 m - a scroll of remove curse {unknown}
 r - a scroll of blinking {unknown}
 s - a scroll of recharging
 x - a scroll of enchant armour {unknown}
 A - 3 scrolls of teleportation {unknown}
 D - a scroll of immolation {unknown}
Potions
 d - a potion of curing
 o - a potion of invisibility {unknown}
 u - a potion of flight
 w - a potion of berserk rage {unknown}
Comestibles
 c - 6 bread rations
 h - 4 royal jellies
 i - 2 meat rations
 C - a fruit


   Skills:
 + Level 5.0 Fighting
 + Level 6.0 Axes
 + Level 3.8 Armour
 - Level 0.7 Dodging


You had 4 spell levels left.
You didn't know any spells.

Dungeon Overview and Level Annotations

Branches:
Dungeon (4/15)
 Temple: D:4-7

Altars:
Cheibriados
Hepliaklqana
Xom
The Shining One


Innate Abilities, Weirdness & Mutations

((You have a pair of small horns on your head.))
(You are partially covered in rugged brown scales. (AC +1, +3% HP))
((You are partially covered in yellow scales. (AC +2)))


Message History

You hit the ogre.
The ogre is severely wounded.
The ogre hits you with a giant spiked club!
* * * LOW HITPOINT WARNING * * *
You barely miss the ogre.
The ogre is severely wounded.
You barely miss the ogre.
The ogre is severely wounded.
The ogre hits you with a giant spiked club!
* * * LOW HITPOINT WARNING * * *
You hit the ogre.
The ogre is severely wounded.
The ogre hits you with a giant spiked club.
* * * LOW HITPOINT WARNING * * *
You completely miss the ogre.
The ogre is severely wounded.
You slash the ogre!
The ogre is almost dead.
The ogre hits you with a giant spiked club!
You die...

#########...##..#..#
.....<.##..........#
######.#######..##......
#.# #..# #####. #.# #..#
#.#######..######
#........Z.......
#########.######...
#SO♣.....# ##########


You could see an ogre and an adder.

Vanquished Creatures
  A scorpion (D:4)
  An orc wizard (D:2)
  4 adders
  2 oozes
  3 worms (D:2)
  4 dart slugs
  A leopard gecko (D:2)
  8 bats
  A giant cockroach (D:2)
  4 hobgoblins
  3 jackals (D:1)
  4 frilled lizards
  6 goblins
  3 kobolds
  6 rats
51 creatures vanquished.

Notes
Turn   | Place    | Note
-------+----------+-------------------------------------------
     0 | D:1      | Jannitor the Hill Orc Chaos Knight began the quest for the Orb.
     0 | D:1      | Reached XP level 1. HP: 19/19 MP: 1/1
   294 | D:1      | XOM: harmless Air miscast
   334 | D:1      | Reached XP level 2. HP: 27/27 MP: 2/2
   652 | D:2      | XOM: potion effect (agility)
   655 | D:2      | Reached XP level 3. HP: 33/33 MP: 3/3
   705 | D:2      | XOM: harmless Air miscast
   757 | D:2      | Reached skill level 5 in Axes
   759 | D:2      | Reached XP level 4. HP: 29/41 MP: 4/4
   899 | D:2      | XOM: god gift: 20 sling bullets
   963 | D:2      | XOM: divination: detect items
  1134 | D:2      | XOM: give mutation
  1134 | D:2      | Gained mutation: You have a pair of small horns on your head. [Xom's grace]
  1415 | D:2      | Found a snail-covered altar of Cheibriados.
  1415 | D:2      | Found a hazy altar of Hepliaklqana.
  1416 | D:2      | Found a glowing golden altar of the Shining One.
  1494 | D:2      | XOM: god gift: 52 gold pieces
  1720 | D:3      | XOM: noise
  1913 | D:3      | Noticed an orc warrior
  1997 | D:2      | Reached XP level 5. HP: 40/47 MP: 5/5
  2207 | D:4      | XOM: noise
  2211 | D:4      | XOM: polymorph hound -> adder
  2215 | D:4      | Noticed an ogre
  2220 | D:4      | XOM: enchant monster (good)
  2230 | D:3      | Reached skill level 5 in Fighting
  2230 | D:3      | Reached skill level 6 in Axes
  2276 | D:3      | XOM: scenery: create altars
  2401 | D:3      | XOM: harmless Erth miscast
  2433 | D:3      | XOM: 5-stop teleportation journey
  2446 | D:3      | XOM: give mutations
  2446 | D:3      | Gained mutation: Your system is resistant to poisons. (rPois) [Xom's grace]
  2446 | D:3      | Gained mutation: You are agile. (Dex +2) [Xom's grace]
  2446 | D:3      | Gained mutation: Your flesh is heat resistant. (rF+) [Xom's grace]
  2446 | D:3      | Gained mutation: You are partially covered in yellow scales. (AC +2) [Xom's grace]
  2489 | D:4      | XOM: swap monsters
  2498 | D:4      | Lost mutation: Your flesh is heat resistant. (rF+) [potion of mutation]
  2498 | D:4      | Lost mutation: You are agile. (Dex +2) [potion of mutation]
  2498 | D:4      | Lost mutation: You have a pair of small horns on your head. [potion of mutation]
  2498 | D:4      | Lost mutation: Your system is resistant to poisons. (rPois) [potion of mutation]
  2498 | D:4      | Gained mutation: You are partially covered in rugged brown scales. (AC +1, +3% HP) [potion of mutation]
  2498 | D:4      | Gained mutation: You have a pair of small horns on your head. [potion of mutation]
  2510 | D:4      | Slain by an ogre

Skill      XL: |  1  2  3  4  5 |
---------------+----------------+-----
Fighting       | 4 5 |  5.0
Axes           | 5 6 |  6.0
Armour         | 3 |  3.8
Dodging        | |  0.7

Action                   |  1- 3 |  4- 6 || total
-------------------------+-------+-------++-------
Melee: Hand axe          |    76 |   109 ||   185
       Headbutt          |       |     6 ||     6
  Use: Scroll            |       |     2 ||     2
       Potion            |       |     9 ||     9
 Stab: Sleeping          |     1 |       ||     1
  Eat: Chunk             |       |     4 ||     4
Armor: Ring mail         |    25 |     7 ||    32
       Scale mail        |       |    45 ||    45
       Skin              |       |     1 ||     1
Dodge: Dodged            |    40 |    33 ||    73
